 Dungeon Crawl Stone Soup version 0.24-a0-355-gbe4061de67 (webtiles) character file.

Game seed: 16074908639934510981

116 Lanoc the Shooter (level 4, -1/37 HPs)
             Began as a Centaur Hunter on May 24, 2019.
             Slain by an orc warrior
             ... wielding a +0 short sword
              (17 damage)
             ... on level 2 of the Dungeon.
             The game lasted 00:05:00 (2307 turns).

Lanoc the Shooter (Centaur Hunter)                  Turns: 2307, Time: 00:05:03

Health: -1/37      AC:  4    Str: 14    XL:     4   Next: 69%
Magic:  4/4        EV: 10    Int: 10    God:
Gold:   50         SH:  0    Dex: 11    Spells: 3/3 levels left

rFire    . . .     SeeInvis .   a - +1 shortbow
rCold    . . .     Gourm    .   (shield currently unavailable)
rNeg     . . .     Faith    .   c - +0 leather armour
rPois    .         Spirit   .   (no helmet)
rElec    .         Reflect  .   (no cloak)
rCorr    .         Harm     .   (no gloves)
MR       .....                  (no barding)
Stlth    +.........             (no amulet)
HPRegen  0.12/turn              (no ring)
MPRegen  0.09/turn              (no ring)

@: very quick
A: large, hooves 3, deformed body, speed 2, tough skin 3
a: no special abilities


You were on level 2 of the Dungeon.
You were not hungry.

You visited 1 branch of the dungeon, and saw 2 of its levels.

You collected 50 gold pieces.

Inventory:

Hand Weapons
 a - a +1 shortbow (weapon)
 b - a +0 short sword
Missiles
 h - 15 sling bullets
 m - 7 boomerangs (quivered)
Armour
 c - a +0 leather armour (worn)
Scrolls
 e - 2 scrolls of remove curse {unknown}
 i - a scroll of immolation {unknown}
 j - a scroll of blinking {unknown}
Potions
 g - a potion of resistance {unknown}
 k - a potion of curing {unknown}
 l - a potion of ambrosia {unknown}
Comestibles
 f - 2 rations
 n - 3 chunks of flesh


   Skills:
 + Level 2.9 Fighting
 * Level 6.9 Bows
 + Level 2.1 Dodging
 - Level 0.4 Stealth


You had 3 spell levels left.
You didn't know any spells.
Your spell library was empty.

Dungeon Overview and Level Annotations

Branches:
Dungeon (2/15)

Altars:
Gozag
Nemelex Xobeh

Annotations:
D:2 Natasha


Innate Abilities, Weirdness & Mutations

You have hooves in place of feet.
Armour fits poorly on your strangely shaped body.
You cover ground very quickly.
You have extremely tough skin. (AC +3)


Message History

Press: ? - help, Shift-Dir - straight line, f/p - orc warrior
Aim: an orc warrior, wielding a +0 short sword and wearing a +0 plate armour (severely wounded)
You throw a boomerang.
The boomerang barely misses the orc warrior.
Throwing (i - inventory)
m - 7 boomerangs (quivered)
Press: ? - help, Shift-Dir - straight line, f/p - orc warrior
Aim: an orc warrior, wielding a +0 short sword and wearing a +0 plate armour (severely wounded)
You throw a boomerang.
The boomerang hits the orc warrior but does no damage.
The orc warrior is severely wounded.
Throwing (i - inventory)
m - 7 boomerangs (quivered)
Press: ? - help, Shift-Dir - straight line, f/p - orc warrior
Aim: an orc warrior, wielding a +0 short sword and wearing a +0 plate armour (severely wounded)
You throw a boomerang.
The boomerang hits the orc warrior but does no damage.
The orc warrior is severely wounded.
The orc priest calls down the wrath of Beogh upon you.
Beogh smites you!
The orc warrior hits you with a +0 short sword!
You die...

.♣##.#
#.#.#...#....#....(.[.((..
...#.#
#.#.#...##################
♣♣...#
#.#.........h.........)...
♣###.#
#.###.####################
..(..# #.........o.......#
####.# #######.#########.#
#.# #.# #.# ###
#.#########.#
#..@o.....o.#
#.#####.###.# ### ### ###


You could see an orc warrior and an orc priest.

Vanquished Creatures
  Natasha (twice) (D:2)
  2 adders (D:2)
  2 leopard geckos
  3 orcs (D:2)
  2 ball pythons (D:2)
  4 bats (D:1)
  A giant cockroach (D:1)
  5 hobgoblins
  4 jackals (D:1)
  7 kobolds
  2 frilled lizards (D:1)
  2 goblins
  7 rats
43 creatures vanquished.

Notes
Turn   | Place    | Note
-------+----------+-------------------------------------------
     0 | D:1      | Lanoc the Centaur Hunter began the quest for the Orb.
     0 | D:1      | Reached XP level 1. HP: 17/17 MP: 1/1
   111 | D:1      | Reached XP level 2. HP: 24/24 MP: 2/2
   622 | D:2      | Found an opulent altar of Gozag.
   622 | D:2      | Found a sparkling altar of Nemelex Xobeh.
   746 | D:2      | Reached skill level 6 in Bows
   746 | D:2      | Reached XP level 3. HP: 19/30 MP: 3/3
  1271 | D:2      | Noticed Natasha
  1281 | D:2      | Killed Natasha
  1281 | D:2      | Reached XP level 4. HP: 9/37 MP: 4/4
  1296 | D:2      | Noticed Natasha
  1493 | D:2      | Killed Natasha
  1782 | D:2      | Noticed an orc warrior
  2005 | D:2      | Noticed Natasha
  2307 | D:2      | Slain by an orc warrior

Levels and vault maps discovered:
D:1:      dpeg_arrival_snail, layout_rooms
D:2:      layout_basic, grunt_temple_overflow_opulence, serial_forest,
          infiniplex_forest_straight_2, infiniplex_forest_lined_1,
          infiniplex_forest_zigzag_1, infiniplex_forest_lined_2,
          infiniplex_forest_lined_ring, infiniplex_forest_straight_3,
          infiniplex_forest_straight_4, minmay_statues_item,
          minmay_misc_feat_more_columns, due_unseen_surprise, uniq_natasha

Skill      XL: |  1  2  3 |
---------------+----------+-----
Bows           | 6 |  6.9
Dodging        | 2 |  2.1
Fighting       | |  2.9
Stealth        | |  0.4

Action                   |  1- 3 |  4- 6 || total
-------------------------+-------+-------++-------
Melee: Short sword       |    56 |     3 ||    59
       Kick              |     5 |       ||     5
 Fire: Shortbow          |    40 |    34 ||    74
Throw: Boomerang         |       |    60 ||    60
  Use: Potion            |       |     1 ||     1
  Eat: Chunk             |     1 |     2 ||     3
Armor: Leather armour    |    30 |     8 ||    38
Dodge: Dodged            |    57 |    20 ||    77

Table legend:
 A = Non-vault XP
 B = Vault XP
 C = Vault XP percentage of total XP
 D = Non-vault monster count
 E = Vault monster count
 F = Vault count percentage of total count
                 A         B        C        D         E       F
            +---------+---------+-------+---------+---------+-------
      Total |     129 |      37 |  22.3 |      42 |       1 |   2.3
            +---------+---------+-------+---------+---------+-------
        D:1 |      44 |       0 |   0.0 |      27 |       0 |   0.0
        D:2 |      85 |      37 |  30.3 |      15 |       1 |   6.2
            +---------+---------+-------+---------+---------+-------
